 Dungeon Crawl Stone Soup version 0.29-a0-870-g2c972031a6 (webtiles) character file.

Game seed: 6297356319303407708

2121 mathmaestro the Scholar of Death (level 9, -11/69 HPs)
             Began as a Demonspawn Necromancer on July 17, 2022.
             Was a Follower of Kikubaaqudgha.
             Mangled by a two-headed ogre
             ... wielding a +0 giant club
              (16 damage)
             ... on level 8 of the Dungeon.
             The game lasted 00:28:18 (8567 turns).

mathmaestro the Scholar of Death (DsNe)             Turns: 8567, Time: 00:28:19

Health: -11/69     AC: 11    Str: 10    XL:     9   Next: 8%
Magic:  1/17       EV: 11    Int: 20    God:    Kikubaaqudgha [*.....]
Gold:   303        SH:  5    Dex: 13    Spells: 2/19 levels left

rFire   . . .      SeeInvis .   x - +2 dagger (venom)
rCold   . . .      Faith    .   (no shield)
rNeg    . . .      Spirit   .   E - +0 ring mail
rPois   .          Reflect  +   (no helmet)
rElec   .          Harm     .   e - scarf {shadows}
rCorr   .          Rampage  .   r - +0 pair of gloves
Will    +....                   (no boots)
Stlth   ++........              B - amulet of reflection
HPRegen 0.21/turn               g - +4 ring of protection
MPRegen 0.15/turn               k - ring of willpower

@: no status effects
A: powered by death 1, sturdy frame 1, weakness stinger 1
a: Renounce Religion, Unearth Wretches


You were on level 8 of the Dungeon.
You worshipped Kikubaaqudgha.
Kikubaaqudgha was aware of your devotion.
You visited 2 branches of the dungeon, and saw 9 of its levels.

You collected 303 gold pieces.

Inventory:

Hand Weapons
 a - a +1 falchion
 x - a +2 dagger of venom (weapon)
Missiles
 q - 2 boomerangs of dispersal (quivered)
 v - a silver boomerang
Armour
 e - a scarf of shadows (worn)
 r - a +0 pair of gloves (worn)
 z - the +0 cloak "Rumun" {rN++}
   (You found it on level 5 of the Dungeon)

   rN:        It greatly protects you from negative energy.
 E - a +0 ring mail (worn)
Jewellery
 g - a +4 ring of protection (left hand)
 k - a ring of willpower (right hand)
 B - an amulet of reflection (around neck)
Wands
 d - a wand of roots (11)
Scrolls
 i - 2 scrolls of teleportation
 j - 2 scrolls of enchant armour
 m - 2 scrolls of poison
 n - 2 scrolls of magic mapping
 t - 2 scrolls of amnesia
 y - a scroll of blinking
 D - 2 scrolls of enchant weapon
Potions
 b - 4 potions of magic
 c - 7 potions of haste
 f - a potion of berserk rage
 h - 2 potions of resistance
 l - 2 potions of might
 o - a potion of cancellation
 p - 2 potions of curing
 s - 5 potions of heal wounds
 u - 2 potions of flight
 A - a potion of lignification
 C - a potion of brilliance {unknown}


   Skills:
 + Level 5.7 Fighting
 + Level 5.5 Armour
 - Level 2.0 Dodging
 - Level 2.0 Stealth
 + Level 5.6 Spellcasting
 + Level 7.8 Necromancy


You had 2 spell levels left.
You knew the following spells:

 Your Spells              Type           Power      Damage    Failure   Level
a - Necrotise             Necr           100%       1d9       1%          1
b - Vampiric Draining     Necr           36%        2d8       1%          3
c - Animate Dead          Necr           36%        N/A       7%          4
d - Agony                 Necr           36%        N/A       19%         5
e - Dispel Undead         Necr           36%        3d15      7%          4

Your spell library contained the following spells:

 Spells                   Type           Power      Damage    Failure   Level
 Shock                    Conj/Air       20%        1d4       17%         1
 Static Discharge         Conj/Air       5%         3-4/arc   26%         2
 Anguish                  Hex/Necr       10%        N/A       32%         4
 Ignite Poison            Fire/Tmut/Pois 5%         N/A       45%         3
 Inner Flame              Hex/Fire       5%         N/A       45%         3
 Mephitic Cloud           Conj/Pois/Air  5%         N/A       45%         3
 Swiftness                Air            5%         N/A       45%         3
 Airstrike                Air            2%         0-2+      86%         4
 Cause Fear               Hex            2%         N/A       86%         4
 Sticky Flame             Conj/Fire      5%         2d3       86%         4
 Freezing Cloud           Conj/Ice/Air   2%         6-21      99%         5
 Discord                  Hex            2%         N/A       100%        8


Dungeon Overview and Level Annotations

Branches:
Dungeon (8/15)             Temple (1/1) D:4
   Lair: D:8-11

Altars:
Ashenzari
Cheibriados
Dithmenos
Fedhas
Gozag
Hepliaklqana
Kikubaaqudgha
Nemelex Xobeh
Okawaru
Ru
Sif Muna
Trog
Uskayaw
Wu Jian

Annotations:
D:7 exclusion: oklob plant


Innate Abilities, Weirdness & Mutations

You regenerate a little health from kills.
Your movements are slightly less encumbered by armour. (ER -2)
You have a small tail.


Message History

You draw life force from the two-headed ogre.
You feel life coursing into your body.
The two-headed ogre closely misses you. x2
Throw: 4 boomerangs (disperse)
Press: ? - help, Q - select action, (/) - cycle Shift-Dir - straight line, f/p - two-headed ogre
Aim: a two-headed ogre, wielding a +0 giant club and a +0 giant spiked club (heavily wounded, 74% to hit)
You throw a boomerang of dispersal.
The boomerang of dispersal hits the two-headed ogre.
The two-headed ogre blinks!
There is a stone staircase leading down here.
Throw: 3 boomerangs (disperse)
Press: ? - help, Q - select action, (/) - cycle Shift-Dir - straight line, f/p - two-headed ogre
Aim: a two-headed ogre, wielding a +0 giant club and a +0 giant spiked club (heavily wounded, 74% to hit)
You throw a boomerang of dispersal.
The boomerang of dispersal hits the two-headed ogre.
The two-headed ogre blinks!
The two-headed ogre is heavily wounded.
The two-headed ogre hits you with a +0 giant club!
The two-headed ogre hits you with a +0 giant spiked club!
Your magical contamination has completely faded away.
Casting: Vampiric Draining (safe; 1% risk of failure)
Confirm with . or Enter, or press ? or * to list all spells.
Aiming: Vampiric Draining (safe; 1% risk of failure)
Press: ? - help, Shift-Dir - straight line, f/p - two-headed ogre
Aim: a two-headed ogre, wielding a +0 giant club and a +0 giant spiked club (heavily wounded)
You draw life force from the two-headed ogre.
You feel life coursing into your body.
Unknown command.
Aiming: Fastroot
Press: ? - help, Shift-Dir - straight line, p - two-headed ogre
Okay, then.
Aiming: Fastroot
Press: ? - help, Shift-Dir - straight line, p - two-headed ogre The roots erupt in riotous growth!
Roots grab the two-headed ogre.
The grasping roots constrict the two-headed ogre.
The two-headed ogre hits you with a +0 giant club!!
* * * LOW HITPOINT WARNING * * *
The two-headed ogre hits you with a +0 giant spiked club!
You die...
Kikubaaqudgha rasps: "You have failed me!
Welcome... death!"

#<...############
##...+...........
#...####...####
#...####...#
#..........### #
######.......# .#
#..)....# ###.#
#......?# #...#
#......@######.#
.........O.>....#
####.......######
####........#
#........#
#........#
#........#
#........###
#........'.#


You could see a two-headed ogre (rooted).

Vanquished Creatures
  A wyvern (D:8)
  4 water moccasins
  3 ice beasts (D:6)
  A black bear (D:5)
  An ogre (D:5)
  A bullfrog (D:7)
  A scorpion (D:5)
  A necrophage (D:5)
  3 wights (D:7)
  A howler monkey (D:6)
  3 jellies
  5 hounds
  2 orc priests (D:5)
  A gnoll bouda (D:7)
  Jessica (D:3)
  4 iguanas
  2 orc wizards
  3 gnolls
  6 adders
  2 shadow imps
  A white imp (D:7)
  2 worms (D:4)
  2 dart slugs
  14 orcs
  5 ball pythons
  6 bats
  3 endoplasms
  A giant cockroach (D:1)
  3 goblins
  7 hobgoblins
  4 jackals (D:3)
  5 kobolds
  2 quokkas
  2 frilled lizards (D:1)
  5 rats
108 creatures vanquished.

Vanquished Creatures (collateral kills)
  A jelly (D:4)
  An orc (D:4)
  2 endoplasms
4 creatures vanquished.

Vanquished Creatures (others)
  A quokka (D:6)
  16 plants (D:7)
17 creatures vanquished.

Grand Total: 129 creatures vanquished

Notes
Turn   | Place    | Note
-------+----------+-------------------------------------------
     0 | D:1      | mathmaestro the Demonspawn Necromancer began the quest for
                  | the Orb.
     0 | D:1      | Reached XP level 1. HP: 13/13 MP: 3/3
   234 | D:1      | Gained mutation: You regenerate a little health from kills.
                  | [demonic ancestry]
   234 | D:1      | Reached XP level 2. HP: 20/20 MP: 0/5
  1103 | D:2      | Reached skill level 1 in Fighting
  1810 | D:2      | Reached XP level 3. HP: 26/26 MP: 1/6
  2008 | D:2      | Learned a level 3 spell: Vampiric Draining
  2232 | D:3      | Reached skill level 5 in Necromancy
  2271 | D:3      | Found an ancient bone altar of Kikubaaqudgha.
  2279 | D:3      | Became a worshipper of Kikubaaqudgha
  2463 | D:3      | Gained mutation: You have a small tail. [demonic ancestry]
  2463 | D:3      | Reached XP level 4. HP: 33/33 MP: 6/8
  2665 | D:3      | Noticed Jessica
  2671 | D:3      | Killed Jessica
  3024 | D:4      | Learned a level 4 spell: Animate Dead
  3161 | D:4      | Found a staircase to the Ecumenical Temple.
  3212 | Temple   | Entered the Ecumenical Temple
  3573 | D:4      | Reached XP level 5. HP: 39/39 MP: 6/9
  3927 | D:4      | Reached skill level 1 in Armour
  4157 | D:4      | Reached XP level 6. HP: 47/47 MP: 7/11
  4197 | D:4      | You fall into a shaft and drop 2 floors!
  4401 | D:6      | Noticed an ice beast
  4419 | D:6      | Killed an ice beast
  4664 | D:5      | Entered Level 5 of the Dungeon
  4703 | D:5      | Reached skill level 6 in Necromancy
  4703 | D:5      | Reached XP level 7. HP: 52/52 MP: 7/12
  4768 | D:5      | Learned a level 5 spell: Agony
  4786 | D:5      | Identified the +0 cloak "Rumun" {rN++}
  5262 | D:5      | Reached * piety under Kikubaaqudgha
  5262 | D:5      | Received a gift from Kikubaaqudgha
  6359 | D:5      | Found a hazy altar of Hepliaklqana.
  6501 | D:6      | Gained mutation: Your movements are slightly less
                  | encumbered by armour. (ER -2) [demonic ancestry]
  6501 | D:6      | Reached XP level 8. HP: 42/61 MP: 5/14
  7174 | D:7      | Reached skill level 5 in Armour
  7174 | D:7      | Reached skill level 7 in Necromancy
  7238 | D:7      | Reached skill level 5 in Fighting
  7238 | D:7      | Reached skill level 5 in Spellcasting
  7264 | D:6      | Learned a level 4 spell: Dispel Undead
  7848 | D:7      | Found a bloodstained altar of Trog.
  7876 | D:7      | Found a blossoming altar of Fedhas.
  7969 | D:7      | Noticed an oklob plant
  8119 | D:7      | Reached XP level 9. HP: 68/68 MP: 6/17
  8550 | D:8      | Noticed a two-headed ogre
  8567 | D:8      | Mangled by a two-headed ogre

Illustrated notes

Levels and vault maps discovered:
D:1:      mrwooster_arrival_statue_2, layout_loops_ring
D:2:      layout_loops_corners
D:3:      layout_basic, mainiacjoe_overflow_paths, kennysheep_jessica_study
D:4:      layout_rooms, minmay_temple_entry_hall, st_stairs_6
D:5:      layout_loops_cross, lemuel_tele_altar, kennysheep_cross_bottleneck,
          dk_rats_in_the_wall
D:6:      layout_gridville, elyvilon_altar_4
D:7:      layout_cave_pools, tgw_fedhas, general_overflow_altar
D:8:      layout_basic, dpeg_oklobed_lair, bh_walls_and_bars
Temple:   nicolae_temple_slightly_damp_pantheon

Skill      XL: |  1  2  3  4  5  6  7  8 |
---------------+-------------------------+-----
Stealth        | 2 |  2.0
Dodging        | 2 |  2.0
Fighting       | 1 2 3 4 5 |  5.7
Necromancy     | 5 6 7 |  7.8
Spellcasting   | 3 4 5 |  5.6
Armour         | 1 2 4 5 |  5.5

Action                   |  1- 3 |  4- 6 |  7- 9 || total
-------------------------+-------+-------+-------++-------
Melee: Mace              |    25 |       |       ||    25
       Dagger            |       |    21 |    86 ||   107
       Tailslap          |       |     5 |    17 ||    22
       Punch             |       |       |     2 ||     2
Throw: Boomerang         |       |     1 |     2 ||     3
 Cast: Necrotise         |    67 |    82 |   119 ||   268
       Vampiric Draining |       |     2 |    11 ||    13
       Dispel Undead     |       |       |     4 ||     4
Evoke: Wand              |       |       |     1 ||     1
  Use: Scroll            |     9 |     5 |     7 ||    21
 Stab: Distracted        |     1 |     1 |       ||     2
Armor: Robe              |    23 |     2 |       ||    25
       Leather armour    |       |    23 |    32 ||    55
       Ring mail         |       |       |    11 ||    11
Dodge: Dodged            |    39 |    15 |    87 ||   141
Block: Other             |       |       |    23 ||    23

Table legend: (Time is in decaauts)
 A = Elapsed time spent in this place.
 B = Non-inter-level travel time spent in this place.
 C = Inter-level travel time spent in this place.
 D = Time resting spent in this place.
 E = Time spent auto-exploring this place.
 F = Levels seen in this place.
 G = Mean time per level.
                   A        B        C        D        E       F      G
               +--------+--------+--------+--------+--------+-----+--------+
         Total |   8582 |   8219 |    363 |   1640 |   5153 |   9 |  953.6 |
       Dungeon |   8160 |   7814 |    346 |   1578 |   4826 |   8 | 1020.0 |
        Temple |    422 |    405 |     17 |     62 |    327 |   1 |  422.0 |
               +--------+--------+--------+--------+--------+-----+--------+

Top non-repeatable levels by time:
     D:5: 1660 daAuts
     D:2: 1184 daAuts
     D:6: 1131 daAuts
     D:4: 1039 daAuts
     D:3: 977 daAuts
     D:7: 970 daAuts
     D:1: 876 daAuts
  Temple: 422 daAuts
     D:8: 320 daAuts
